 Dungeon Sprint DCSS version 0.19-a0-1908-g43c011f (webtiles) character file.

50 esc the Sneak (level 3, -3/18 HPs)
             Began as a Spriggan Enchanter on Oct 22, 2016.
             Slain by a worker ant (5 damage)
             ... in the Dungeon (Sprint II: "The Violet Keep of Menkaure").
             The game lasted 00:01:03 (33 turns).

esc the Sneak (Spriggan Enchanter)                    Turns: 33, Time: 00:01:05

Health: -3/18      AC:  3    Str:  4    XL:     3   Next: 55%
Magic:  6/9        EV: 20    Int: 17    God:
Gold:   0          SH:  0    Dex: 16    Spells: 1 memorised, 9 levels left

rFire  . . .     SeeInvis +     a - +1 dagger
rCold  . . .     Gourm    .     b - +1 robe
rNeg   . . .     Faith    .     (shield restricted)
rPois  .         Spirit   .     (helmet restricted)
rElec  .         Reflect  .     (no cloak)
rCorr  .         Harm     .     (gloves unavailable)
MR     .....     NoTele   +     (boots unavailable)
Stlth  +++.......               (no amulet)
                                (no ring)
                                (no ring)

@: lethally poisoned (-3 -> -14), very quick
A: unfitting armour, see invisible, herbivore 3, speed 3, slow metabolism 2
a: no special abilities


You were in the Dungeon.
You were not hungry.

You visited 1 branch

Inventory:

Hand Weapons
 a - a +1 dagger (weapon)
Armour
 b - a +1 robe (worn)
Scrolls
 j - a scroll of blinking {!r}
Potions
 e - a potion of curing
 f - a potion of heal wounds
 g - a potion of haste
 h - 2 potions of magic
 i - a potion of berserk rage {!q}
Books
 c - a book of Maledictions
Comestibles
 d - a bread ration {@e1}


   Skills:
 + Level 2.1 Fighting
 + Level 3.2 Short Blades
 + Level 5.0 Dodging
 + Level 6.2 Stealth
 + Level 4.2 Spellcasting
 + Level 5.0 Hexes


You had 9 spell levels left.
You knew the following spells:

 Your Spells              Type           Power        Failure   Level  Hunger
v - Corona                Hex            ###....      1%          1    None


Dungeon Overview and Level Annotations

Branches:
Dungeon (1/1)

Altars:


Innate Abilities, Weirdness & Mutations

You are very small and have problems with some larger weapons.
You are too small for most types of armour.
You have supernaturally acute eyesight. (SInv)
You are a herbivore.
You cover ground extremely quickly.
You need consume almost no food.


Message History

Welcome, esc the Spriggan Enchanter.
Found a staircase leading out of the dungeon.
You open the door. 2 worms come into view.
There is an open door here.
You see here 243 gold pieces.
The helpless worm fails to defend itself.
You impale the worm!!
You kill the worm!
Your Spellcasting skill increases to level 3!
The worm barely misses you. The worm bites you but does no damage.
There is an open door here.
You close the door.
Okay, then.
You open the door. 4 worker ants come into view.
The worker ant twitches its antennae in your direction. x2
There is an open door here.
The helpless worker ant fails to defend itself.
You impale the worker ant!!
You kill the worker ant!
Your Fighting skill increases to level 1!
Your Short Blades skill increases to level 2!
Your Dodging skill increases to level 4!
Your Stealth skill increases to level 5!
Your Hexes skill increases to level 4!
You have reached level 2!
Health restored: 15 The helpless worker ant fails to defend itself.
You impale the worker ant!!
You kill the worker ant!
Your Fighting skill increases to level 2!
Your Short Blades skill increases to level 3!
Your Dodging skill increases to level 5!
Your Stealth skill increases to level 6!
Your Spellcasting skill increases to level 4!
Your Hexes skill increases to level 5!
You have reached level 3!
Your experience leads to an increase in your attributes!
Increase (S)trength, (I)ntelligence, or (D)exterity?
You feel clever.
The worker ant bites you but does no damage.
Health restored: 18 You see here a worker ant corpse.
You see here 243 gold pieces.
There is an open door here.
There's a creature in the doorway!
Unknown command.
There is a staircase leading out of the dungeon here.
The worker ant closely misses you. The worker ant bites you!
You are lethally poisoned!
The worker ant poisons you!
You take 7 damage, and have 11/18 hp.
MASSIVE DAMAGE!!
You feel sick. The worker ant completely misses you. The worker ant misses you.
You take 1 damage, and have 10/18 hp.
You open the door. 2 tyrant leeches come into view.
You feel sick. The worker ant bites you!
* * * LOW HITPOINT WARNING * * *
The worker ant bites you.
You die...

##+ ##.#
#.w##
##.$# ###
##+###.#
##.##..##
+.aa'##$+
##@##.†##
#'###.#
$#w ###
.w .. ##.
.## ## ##


You could see 2 tyrant leeches and 2 worker ants.

Vanquished Creatures
  2 worker ants (D)
  A worm (D)
3 creatures vanquished.

Notes
Turn   | Place    | Note
-------+----------+-------------------------------------------
     0 | D        | esc the Spriggan Enchanter began the quest for the Orb.
     0 | D        | Reached XP level 1. HP: 9/9 MP: 5/5
     4 | D        | Reached skill level 3 in Spellcasting
    14 | D        | Noticed a worker ant
    14 | D        | Noticed a worker ant
    14 | D        | Noticed a worker ant
    14 | D        | Noticed a worker ant
    17 | D        | Killed a worker ant
    17 | D        | Reached skill level 1 in Fighting
    17 | D        | Reached skill level 2 in Short Blades
    17 | D        | Reached skill level 4 in Dodging
    17 | D        | Reached skill level 5 in Stealth
    17 | D        | Reached skill level 4 in Hexes
    17 | D        | Reached XP level 2. HP: 15/15 MP: 5/7
    18 | D        | Reached skill level 2 in Fighting
    18 | D        | Reached skill level 3 in Short Blades
    18 | D        | Reached skill level 5 in Dodging
    18 | D        | Reached skill level 6 in Stealth
    18 | D        | Reached skill level 4 in Spellcasting
    18 | D        | Reached skill level 5 in Hexes
    18 | D        | Reached XP level 3. HP: 18/18 MP: 5/9
    33 | D        | Noticed a tyrant leech
    33 | D        | Noticed a tyrant leech
    33 | D        | HP: 2/18 [worker ant (7)]
    33 | D        | Slain by a worker ant

Vault maps used:
D:        the_violet_keep_of_menkaure

Skill      XL: |  1  2 |
---------------+-------+-----
Spellcasting   | 3 4 |  4.2
Fighting       | 1 2 |  2.1
Short Blades   | 2 3 |  3.2
Dodging        | 4 5 |  5.0
Stealth        | 5 6 |  6.2
Hexes          | 4 5 |  5.0

Action                   || total
-------------------------++-------
Melee: Dagger            ||     3
 Stab: Sleeping          ||     3
Armor: Robe              ||     2
Dodge: Dodged            ||     4

Vault maps used:
D:        the_violet_keep_of_menkaure

Table legend:
 A = Turns spent in this place as a percentage of turns spent in the entire game.
 B = Non-inter-level travel turns spent in this place as a percentage of non-inter-level travel turns spent in the entire game.
 C = Inter-level travel turns spent in this place as a percentage of turns spent in this place.
 D = Turns resting spent in this place as a percentage of non-inter-level travel turns spent in this place.
 E = Turns spent auto-exploring this place as a percentage of non-inter-level travel turns spent in this place.
 F = Non-inter-level travel turns spent in this place divided by the number of levels of this place that you've seen.
                   A       B       C       D       E      F
               +-------+-------+-------+-------+-------+----------------------
         Total | 100.0 | 100.0 |   0.0 |   0.0 |   0.0 |  38.0
       Dungeon | 100.0 | 100.0 |   0.0 |   0.0 |   0.0 |  38.0
               +-------+-------+-------+-------+-------+----------------------

Table legend:
 A = Kills in this place as a percentage of kills in entire the game.
 B = Kills by you in this place as a percentage of kills by you in the entire game.
 C = Kills by friends in this place as a percentage of kills by friends in the entire game.
 D = Other kills in this place as a percentage of other kills in the entire game.
 E = Experience gained in this place as a percentage of experience gained in the entire game.
 F = Experience gained in this place divided by the number of levels of this place that you have seen.
                   A       B       C       D       E      F
               +-------+-------+-------+-------+-------+----------------------
         Total | 100.0 | 100.0 |  -nan |  -nan | 100.0 |  72.0
       Dungeon | 100.0 | 100.0 |  -nan |  -nan | 100.0 |  72.0
               +-------+-------+-------+-------+-------+----------------------
